 Dungeon Crawl Stone Soup version 0.21.1-1-g345015fe64 (webtiles) character file.

252 Kohma the Ducker (level 5, -2/24 HPs)
             Began as a Spriggan Venom Mage on June 26, 2018.
             Shot with an arrow by a centaur (10 damage)
             ... on level 4 of the Dungeon.
             The game lasted 00:11:26 (4803 turns).

Kohma the Ducker (Spriggan Venom Mage)              Turns: 4803, Time: 00:11:27

Health: -2/24      AC:  2    Str:  5    XL:     5   Next: 89%
Magic:  3/10       EV: 21    Int: 17    God:
Gold:   216        SH:  0    Dex: 16    Spells: 4/10 levels left

rFire    . . .     SeeInvis +   l - +0 short sword (speed)
rCold    . . .     Gourm    .   (shield restricted)
rNeg     . . .     Faith    .   a - +0 robe
rPois    .         Spirit   .   (helmet restricted)
rElec    .         Reflect  .   (no cloak)
rCorr    .         Harm     .   (gloves unavailable)
MR       .....                  (boots unavailable)
Stlth    +++.......             (no amulet)
HPRegen  0.08/turn              (no ring)
MPRegen  0.12/turn              (no ring)

@: very slightly contaminated, very quick
A: very small, unfitting armour, see invisible, herbivore, speed 3, slow
metabolism 2
a: no special abilities


You were on level 4 of the Dungeon.
You were not hungry.

You visited 1 branch of the dungeon, and saw 4 of its levels.

You collected 216 gold pieces.

Inventory:

Hand Weapons
 d - a +0 dagger
 l - a +0 short sword of speed (weapon)
 t - a +3 whip
Missiles
 v - 37 arrows
Armour
 a - a +0 robe (worn)
Jewellery
 g - an uncursed ring of wizardry {unknown}
Scrolls
 e - 4 scrolls of blinking {unknown}
 f - a scroll of amnesia {unknown}
 n - a scroll of fear {unknown}
 q - a scroll of magic mapping {unknown}
 r - a scroll of immolation {unknown}
 s - a scroll of teleportation {unknown}
 x - 2 scrolls of remove curse {unknown}
 y - a scroll of identify {unknown}
Potions
 h - 2 potions of magic {unknown}
 i - a potion of mutation {unknown}
 j - a potion of lignification {unknown}
 k - a potion of curing {unknown}
 m - a potion of haste {unknown}
 o - a potion of cancellation {unknown}
 p - a potion of agility {unknown}
 u - 2 potions of heal wounds {unknown}
 w - a potion of ambrosia {unknown}
 z - a potion of flight {unknown}
Books
 b - a Young Poisoner's Handbook

   Spells                             Type                      Level
   a - Sting                          Conjuration/Poison           1
   b - Poisonous Vapours              Poison/Air                   2
   c - Mephitic Cloud                 Conjuration/Poison/Air       3
   d - Olgreb's Toxic Radiance        Poison                       4
   e - Venom Bolt                     Conjuration/Poison           5
Comestibles
 c - 3 rations


   Skills:
 + Level 1.8 Short Blades
 - Level 5.5 Dodging
 - Level 5.0 Stealth
 - Level 3.0 Spellcasting
 - Level 0.6 Conjurations
 * Level 1.4 Air Magic
 * Level 4.2 Poison Magic


You had 4 spell levels left.
You knew the following spells:

 Your Spells              Type           Power        Failure   Level  Hunger
a - Sting                 Conj/Pois      ##..         7%          1    None
b - Poisonous Vapours     Pois/Air       ##....       9%          2    ##.....
c - Mephitic Cloud        Conj/Pois/Air  #.......     22%         3    ###....


Dungeon Overview and Level Annotations

Branches:
Dungeon (4/15)
 Temple: D:4-7

Altars:


Innate Abilities, Weirdness & Mutations

You are very small and have problems with some larger weapons.
You are too small for most types of armour.
You have supernaturally acute eyesight. (SInv)
You are a herbivore.
You cover ground extremely quickly.
You need consume almost no food.


Message History

The centaur wields a shortbow.
The centaur shoots an arrow.
The arrow barely misses you.
You see here a worker ant corpse.
The centaur shoots an arrow.
The arrow hits you!
You see here an arrow.
Casting: Poisonous Vapours
Confirm with . or Enter, or press ? or * to list all spells.
Aiming: Poisonous Vapours
Press: ? - help, Dir - move target cursor, f - centaur
Aim: a centaur, wielding a shortbow Poisonous vapours surround the centaur!
The centaur is engulfed in poison gas.
The centaur is poisoned.
The centaur shoots an arrow.
The arrow hits you.
Casting: Poisonous Vapours
Confirm with . or Enter, or press ? or * to list all spells.
Aiming: Poisonous Vapours
Press: ? - help, Dir - move target cursor, f/p - centaur
Aim: a centaur, wielding a shortbow (moderately wounded, poisoned) Poisonous vapours surround the centaur!
The centaur is engulfed in poison gas.
The centaur looks even sicker.
The centaur shoots an arrow.
The arrow hits you!
You die...

#..# #.. #.# #?#
##.# ##c.#
########...#
#..........#
#.......@..#######
#......(...>......
#.....††...#######
#....(.....#
#..........#
#..........#
##########†# #<#
#.#


You could see a centaur.

Vanquished Creatures
  A hound (D:2)
  2 worker ants (D:4)
  Robin (D:3)
  A gnoll (D:3)
  5 adders
  An ooze (D:3)
  A worm (D:2)
  A dart slug (D:1)
  2 leopard geckos
  4 orcs (D:3)
  4 giant cockroaches
  19 goblins
  12 hobgoblins
  5 jackals
  6 kobolds
  2 quokkas
  10 bats
  6 frilled lizards
  10 rats
93 creatures vanquished.

Notes
Turn   | Place    | Note
-------+----------+-------------------------------------------
     0 | D:1      | Kohma the Spriggan Venom Mage began the quest for the Orb.
     0 | D:1      | Reached XP level 1. HP: 9/9 MP: 5/5
   285 | D:1      | Reached XP level 2. HP: 2/13 MP: 0/6
   289 | D:1      | Learned a level 2 spell: Poisonous Vapours
  1403 | D:1      | Reached XP level 3. HP: 16/16 MP: 1/8
  1709 | D:2      | Learned a level 3 spell: Mephitic Cloud
  2328 | D:2      | Reached skill level 5 in Dodging
  2328 | D:2      | Reached XP level 4. HP: 19/21 MP: 1/9
  3254 | D:3      | Reached skill level 1 in Short Blades
  3392 | D:3      | Noticed Robin
  3441 | D:3      | Killed Robin
  3441 | D:3      | Reached skill level 5 in Stealth
  3441 | D:3      | Reached XP level 5. HP: 15/24 MP: 0/10
  4630 | D:4      | Reached skill level 1 in Air Magic
  4644 | D:4      | Noticed a centaur
  4803 | D:4      | Shot with an arrow by a centaur

Skill      XL: |  1  2  3  4  5 |
---------------+----------------+-----
Spellcasting   | 3 |  3.0
Dodging        | 4 5 |  5.5
Stealth        | 4 5 |  5.0
Short Blades   | 1 |  1.8
Air Magic      | 1 |  1.4
Poison Magic   | 4 |  4.2
Conjurations   | |  0.6

Action                   |  1- 3 |  4- 6 || total
-------------------------+-------+-------++-------
Melee: Dagger            |    24 |       ||    24
       Short sword       |    13 |    33 ||    46
 Cast: Sting             |    23 |     7 ||    30
       Poisonous Vapours |    43 |    62 ||   105
 Stab: Sleeping          |     1 |     1 ||     2
  Eat: Ration            |     1 |     3 ||     4
Armor: Robe              |     5 |     3 ||     8
Dodge: Dodged            |    63 |    36 ||    99
